 Dungeon Crawl Stone Soup version 0.31-a0-700-gf13585253f (webtiles) character file.

Game seed: 5249682815721125451

1126 qw the Skirmisher (level 8, 0/49 HPs)
             Began as a Gargoyle Hunter on Sept 7, 2023.
             Was a Follower of Okawaru.
             Slain by an ogre
             ... wielding a +0 giant club
              (22 damage)
             ... on level 6 of the Dungeon.
             The game lasted 00:02:05 (4646 turns).

qw the Skirmisher (Gargoyle Hunter)                 Turns: 4646, Time: 00:02:05

Health: 0/49       AC: 14    Str: 21    XL:     8   Next: 35%
Magic:  10/11      EV: 14    Int: 10    God:    Okawaru [*.....]
Gold:   659        SH:  0    Dex: 15    Spells: 7/7 levels left

rFire   . . .        Y - +0 shortbow
rCold   . . .        (shield currently unavailable)
rNeg    + + +        h - +2 ring mail {rN+}
rPois   inf          (no helmet)
rElec   +            (no cloak)
rCorr   .            (no gloves)
SInv    .            (no boots)
Will    .....        (no amulet)
Stlth   +++          a - +6 ring of strength
HPRegen 0.28/turn    c - ring of positive energy
MPRegen 0.12/turn

%: no passive effects
@: heroic
A: sickness immunity, AC +5, negative energy resistance 1, electricity
resistance, torment resistance 1, petrification resistance
a: Renounce Religion, Heroism


You were on level 6 of the Dungeon.
You worshipped Okawaru.
Okawaru was aware of your devotion.
You visited 2 branches of the dungeon, and saw 7 of its levels.

You collected 695 gold pieces.
You spent 36 gold pieces at shops.


Innate Abilities, Weirdness & Mutations

You are immune to sickness and miasma.
Your stone body is resilient. (AC +5)
You are immune to poison.
You resist negative energy. (rN+)
You are resistant to electric shocks. (rElec)
You are resistant to unholy torment.
You are immune to petrification.


   Skills:
 - Level 5.1(10.1) Fighting
 + Level 8.2(13.2) Ranged Weapons
 - Level 1.9(6.9) Armour
 - Level 2.1(7.1) Dodging
 - Level 1.1(6.1) Stealth
 - Level 4.1 Invocations


You had 7 spell levels left.
You didn't know any spells.
Your spell library was empty.

Inventory:

Hand Weapons
 Y - a +0 shortbow (weapon)
Armour
 h - a +2 ring mail of positive energy (worn)
Jewellery
 a - a +6 ring of strength (left hand)
 c - a ring of positive energy (right hand)
Wands
 d - a wand of digging (3)
Scrolls
 f - 2 scrolls of identify
 j - a scroll of teleportation
Potions
 b - a potion of haste
 e - a potion of degeneration {unknown}
 g - 3 potions of curing
 i - a potion of heal wounds
 k - a potion of attraction {unknown}
 m - a potion of enlightenment {unknown}

Dungeon Overview and Level Annotations

Branches:
Dungeon (6/15)             Temple (1/1) D:4

Altars:
Ashenzari
Fedhas
Gozag
Hepliaklqana
Kikubaaqudgha
Nemelex Xobeh
Okawaru
Qazlal
Ru
Sif Muna
Uskayaw
Vehumet
Wu Jian
Xom
Yredelemnul
Zin

Shops:
D:2 !*((

Annotations:
D:3 4 runed translucent doors, Crazy Yiuf; qw's ghost, weakling MiHs


Message History

The orc barely misses you. The gnoll misses you.
You shoot an arrow. The arrow closely misses the orc.
The orc completely misses you.
The orc wizard gestures at you while chanting.
The magic dart hits you. The gnoll closely misses you.
You shoot an arrow. The arrow closely misses the orc.
The orc hits you but does no damage. The orc wizard barely misses you.
The gnoll hits you but does no damage.
You shoot an arrow. The arrow hits the orc!
You kill the orc!
Okawaru accepts your kill.
The orc wizard hits you with a +0 dagger.
The gnoll closely misses you.
You shoot an arrow. The arrow hits the orc wizard.
The orc wizard is moderately wounded.
You shoot an arrow. The arrow barely misses the orc wizard.
The arrow hits the ogre.
The ogre is moderately wounded.
The gnoll hits you but does no damage. The orc wizard barely misses you.
An orc comes into view. It is wielding a +0 dagger.
You shoot an arrow.
The arrow hits the orc wizard but does no damage.
The orc wizard is moderately wounded.
The orc wizard points at you and mumbles some strange words.
You resist with some effort.
You shoot an arrow. The arrow hits the ogre!
The ogre is heavily wounded.
The orc wizard barely misses you.
You shoot an arrow. The arrow hits the ogre.
The ogre is severely wounded.
The ogre hits you with a +0 giant club!!
The orc wizard hits you but does no damage.
You shoot an arrow. The arrow barely misses the ogre.
The orc wizard casts a spell.
The orc wizard flickers and vanishes!
Deactivating autopickup; reactivate with Ctrl-A.
You shoot an arrow. The arrow hits the ogre.
The ogre is almost dead.
The ogre hits you with a +0 giant club!!
You die...

#......).....#
#..........#..#
####.......# .#
#.#)##### #.#.#
#.#.# .
#.#.##...
##)#......
#.@{go..#
#.)O....#
#......##
..........
##......##.
########


You could see an ogre, a gnoll and an orc.

Vanquished Creatures
  A water moccasin (D:5)
  An ice beast (D:5)
  An ogre (D:5)
  A centaur (D:5)
  2 phantoms
  A scorpion (D:5)
  3 hounds
  2 orc priests (D:5)
  A sleepcap (D:5)
  Jessica (D:2)
  Natasha (thrice) (D:2)
  3 orc wizards
  2 gnolls (D:6)
  4 adders
  A shadow imp (D:6)
  An ufetubus (D:5)
  An adder zombie (D:3)
  3 worms
  2 dart slugs
  20 orcs
  10 ball pythons
  12 endoplasms
  3 giant cockroaches
  13 goblins
  6 hobgoblins
  2 jackals (D:2)
  4 quokkas
  3 bats
  3 frilled lizards
  A giant cockroach zombie (D:3)
  9 kobolds
  7 rats
127 creatures vanquished.

Notes
Turn   | Place    | Note
-------+----------+-------------------------------------------
     0 | D:1      | qw the Gargoyle Hunter began the quest for the Orb.
     0 | D:1      | Reached XP level 1. HP: 12/12 MP: 1/1
     0 | D:1      | 0 ||| qw: Version: 0.3-a-76-g4403597
     0 | D:1      | 0 ||| qw: Game counter: 431
     0 | D:1      | 0 ||| qw: Melee chars always use a shield: true
     0 | D:1      | 0 ||| qw: God list: Okawaru
     0 | D:1      | 0 ||| qw: Allow faded altars: false
     0 | D:1      | 0 ||| qw: Do Orc after clearing Dungeon:15 true
     0 | D:1      | 0 ||| qw: Do second Lair branch before Depths: true
     0 | D:1      | 0 ||| qw: Lair rune preference: random
     0 | D:1      | 0 ||| qw: Goals: Normal
     0 | D:1      | 0 ||| PLANNING D:1-11
    92 | D:1      | Reached XP level 2. HP: 17/17 MP: 2/2
   315 | D:1      | Reached XP level 3. HP: 21/21 MP: 3/3
   515 | D:1      | Reached skill level 5 in Ranged Weapons
   787 | D:1      | 787 ||| UPGRADING to +2 ring mail of positive energy.
   797 | D:1      | 797 ||| DROPPING +0 leather armour.
   798 | D:1      | 798 ||| READING scroll labelled KISEITHRASYL.
   799 | D:1      | 799 ||| READING 3 scrolls labelled ZUOMPI ZAOSH.
   800 | D:1      | 800 ||| READING 2 scrolls of identify.
   800 | D:1      | 800 ||| IDENTIFYING fuming purple potion
   801 | D:1      | 801 ||| DROPPING scroll of butterflies.
   802 | D:1      | 802 ||| DROPPING potion of lignification.
   855 | D:2      | Noticed Jessica
   861 | D:2      | Killed Jessica
   862 | D:2      | Reached skill level 1 in Armour
   867 | D:2      | Reached XP level 4. HP: 27/27 MP: 4/4
  1066 | D:2      | Found Gogomer's Assorted Antiques.
  1099 | D:2      | Found Nykkeqan's Distillery.
  1105 | D:2      | 1105 ||| BUYING inky potion (18 gold).
  1105 | D:2      | Bought an inky potion for 18 gold pieces
  1105 | D:2      | 1105 ||| BUYING puce potion (18 gold).
  1105 | D:2      | Bought a puce potion for 18 gold pieces
  1105 | D:2      | 1105 ||| SHOPLISTING purple potion (18 gold, have 12).
  1105 | D:2      | 1105 ||| SHOPLISTING scroll labelled DEF HUMYGRUJEJ (20
                  | gold, have 12).
  1105 | D:2      | 1105 ||| SHOPLISTING scroll labelled LICLEV BEUMP (20 gold,
                  | have 12).
  1105 | D:2      | 1105 ||| SHOPLISTING scroll of identify (40 gold, have 12).
  1118 | D:2      | Found Fopaseob's Antique Weapon Boutique.
  1131 | D:2      | 1131 ||| SHOPLISTING glowing sling (81 gold, have 12).
  1227 | D:2      | Reached skill level 3 in Fighting
  1265 | D:2      | Noticed Natasha
  1277 | D:2      | Killed Natasha
  1282 | D:2      | 1282 ||| FLEEEEING.
  1350 | D:2      | Found a faded altar of an unknown god.
  1354 | D:2      | Reached XP level 5. HP: 32/32 MP: 5/5
  1429 | D:2      | 1429 ||| SHOPLISTING 2 potions of curing (60 gold, have
                  | 26).
  1429 | D:2      | 1429 ||| SHOPLISTING potion of curing (30 gold, have 26).
  1429 | D:2      | 1429 ||| SHOPLISTING potion of haste (100 gold, have 26).
  1461 | D:2      | Noticed Natasha
  1476 | D:2      | Killed Natasha
  1531 | D:2      | Found Ukkiwa's Antique Weapon Emporium.
  1577 | D:2      | Noticed Natasha
  1586 | D:2      | Killed Natasha
  1659 | D:2      | 1659 ||| DRINKING 3 bubbling puce potions.
  1763 | D:2      | 1763 ||| DRINKING 3 inky potions.
  1764 | D:2      | 1764 ||| DROPPING 2 potions of berserk rage.
  1917 | D:3      | Found a runed translucent door.
  1918 | D:3      | Noticed Crazy Yiuf
  2017 | D:3      | Found a runed translucent gate.
  2017 | D:3      | Found a runed translucent gate.
  2017 | D:3      | Found a runed translucent gate.
  2017 | D:3      | Noticed qw's ghost (weakling MiHs)
  2018 | D:3      | 2018 ||| READING scroll labelled ZOPEQ ORIOL.
  2020 | D:3      | Found a basalt altar of Yredelemnul.
  2060 | D:3      | Reached skill level 6 in Ranged Weapons
  2172 | D:3      | HP: 7/32 [endoplasm (3)]
  2668 | D:3      | 2668 ||| UPGRADING to +6 ring of strength.
  2669 | D:3      | 2669 ||| READING scroll labelled VIDIES AREK.
  2688 | D:3      | 2688 ||| DRINKING 2 red potions.
  2932 | D:4      | Reached XP level 6. HP: 38/38 MP: 6/6
  3119 | D:4      | Found a staircase to the Ecumenical Temple.
  3120 | D:4      | 3120 ||| PLANNING TEMPLE
  3120 | D:4      | 3120 ||| READING scroll labelled RUTO DUEGOARHA.
  3120 | D:4      | Identified a scroll of acquirement
  3120 | D:4      | 3120 ||| ACQUIRING 422 gold pieces
  3120 | D:4      | Acquired 422 gold pieces
  3122 | D:4      | 3122 ||| READING scroll labelled QUNASHR WIAMUY.
  3131 | Temple   | Entered the Ecumenical Temple
  3132 | Temple   | 3132 ||| PLANNING OKAWARU WORSHIP
  3168 | Temple   | Became a worshipper of Warmaster Okawaru
  3169 | Temple   | 3169 ||| PLANNING D:1-11
  3478 | D:4      | 3478 ||| UPGRADING to ring of positive energy.
  3479 | D:4      | 3479 ||| READING scroll labelled LICLEV BEUMP.
  3496 | D:5      | Entered Level 5 of the Dungeon
  3525 | D:5      | Reached skill level 7 in Ranged Weapons
  3528 | D:5      | Reached XP level 7. HP: 43/43 MP: 7/7
  3685 | D:5      | 3685 ||| Stepping ~*~*~tactically~*~*~ (outnumbered).
  3702 | D:5      | Reached * piety under Okawaru
  3851 | D:5      | Reached skill level 8 in Ranged Weapons
  3851 | D:5      | Reached skill level 1 in Invocations
  3854 | D:5      | 3854 ||| FLEEEEING.
  3859 | D:5      | 3859 ||| STAIRDANCE
  3875 | D:4      | 3875 ||| READING 2 scrolls of identify.
  3875 | D:4      | 3875 ||| IDENTIFYING puce potion
  4058 | D:5      | Reached XP level 8. HP: 48/48 MP: 10/10
  4222 | D:5      | Reached skill level 3 in Invocations
  4329 | D:5      | 4329 ||| INVOKING Heroism.
  4468 | D:5      | 4468 ||| READING scroll labelled QUET LEALIST.
  4469 | D:5      | 4469 ||| DRINKING 2 murky cyan potions.
  4470 | D:5      | 4470 ||| DRINKING 4 potions of curing.
  4470 | D:5      | 4470 ||| (to cure confusion)
  4471 | D:5      | 4471 ||| READING 2 scrolls of identify.
  4471 | D:5      | 4471 ||| IDENTIFYING bubbling golden potion
  4472 | D:5      | 4472 ||| DROPPING potion of invisibility.
  4473 | D:5      | 4473 ||| DROPPING potion of ambrosia.
  4516 | D:6      | 4516 ||| STAIRDANCE
  4633 | D:6      | 4633 ||| INVOKING Heroism.
  4646 | D:6      | Slain by an ogre

Levels and vault maps discovered:
D:1:      nagdon_arrival_double_spiral, layout_loops_ring
D:2:      layout_loops_ring, shapermc_ecumenical_altar_starsandcircs,
          serial_shops, nicolae_shop_window_shopping, shop,
          nicolae_shop_tiny_statue_garden, shop, uniq_jessica, uniq_natasha
D:3:      minmay_inner_zag, layout_basic, nicolae_yredelemnul_ghost_church,
          uniq_crazy_yiuf_cottage
D:4:      layout_loops_ring, temple_hall, grunt_ministairs_13
D:5:      layout_gridville
D:6:      layout_basic, serial_corexii_hall, chequers_hall_statues_corner_a,
          corexii_hall_statues_t, corexii_hall_statues_x
Temple:   regret_index_temple_generic_petals

Skill      XL: |  1  2  3  4  5  6  7  8 |
---------------+-------------------------+-----
Ranged Weapons | 5 6 7 8 |  8.2
Armour         | 1 |  1.9
Fighting       | 3 4 5 |  5.1
Invocations    | 2 4 |  4.1
Dodging        | 2 |  2.1
Stealth        | |  1.1

Action                     |  1- 3 |  4- 6 |  7- 9 || total
---------------------------+-------+-------+-------++-------
   Fire: Shortbow          |    63 |   249 |   207 ||   519
 Invoke: Heroism           |       |       |     2 ||     2
    Use: Scroll            |     3 |     5 |     3 ||    11
         Potion            |       |     3 |     2 ||     5
 Armour: Leather armour    |     4 |       |       ||     4
         Ring mail         |     1 |    74 |   100 ||   175
  Dodge: Dodged            |    10 |    75 |    60 ||   145

Table legend:
 A = Non-vault XP
 B = Vault XP
 C = Vault XP percentage of total XP
 D = Non-vault monster count
 E = Vault monster count
 F = Vault count percentage of total count
                 A         B        C        D         E       F
            +---------+---------+-------+---------+---------+-------
      Total |    1489 |     120 |   7.5 |     114 |      13 |  10.2
            +---------+---------+-------+---------+---------+-------
        D:1 |      43 |       0 |   0.0 |      24 |       0 |   0.0
        D:2 |     124 |      72 |  36.7 |      25 |       2 |   7.4
        D:3 |      15 |      33 |  68.8 |      10 |       9 |  47.4
        D:4 |     186 |      15 |   7.5 |      19 |       2 |   9.5
        D:5 |     932 |       0 |   0.0 |      28 |       0 |   0.0
        D:6 |     189 |       0 |   0.0 |       8 |       0 |   0.0
            +---------+---------+-------+---------+---------+-------
